 Dungeon Crawl Stone Soup version 0.26-a0-652-gafc20e3620 (webtiles) character file.

Game seed: 11909044049738629522

115 GoodGuyCap the Shield-Bearer (level 5, -3/42 HPs)
             Began as a Formicid Fighter on Oct 2, 2020.
             Slain by an orc
             ... wielding a +0 dagger
              (4 damage)
             ... on level 3 of the Dungeon.
             The game lasted 00:06:40 (1988 turns).

GoodGuyCap the Shield-Bearer (Formicid Fighter)     Turns: 1988, Time: 00:06:40

Health: -3/42      AC: 12    Str: 19 (22) XL:     5   Next: 20%
Magic:  5/5        EV: 12    Int:  4 (7)  God:
Gold:   263        SH:  9    Dex:  9 (10) Spells: 4/4 levels left

rFire    . . .     SeeInvis +   g - +1 flail (vorpal)
rCold    . . .     Faith    .   c - +0 kite shield
rNeg     . . .     Spirit   .   b - +0 scale mail
rPois    .         Reflect  .   (helmet unavailable)
rElec    .         Harm     .   r - +0 cloak
rCorr    .         Rampage  .   (no gloves)
MR       .....                  (no boots)
Stlth    ..........             p - amulet of the acrobat
HPRegen  0.14/turn              e - +4 ring of evasion
MPRegen  0.09/turn              i - +4 ring of protection

@: stab, flying
A: permanent stasis, dig shafts and tunnels, four strong arms, antennae 3
a: Dig, Shaft Self


You were on level 3 of the Dungeon.
You visited 1 branch of the dungeon, and saw 3 of its levels.

You collected 263 gold pieces.

Inventory:

Hand Weapons
 a - a +1 long sword
 g - a +1 vorpal flail (weapon)
Armour
 b - a +0 scale mail (worn)
 c - a +0 kite shield (worn)
 r - a +0 cloak (worn)
Jewellery
 e - a +4 ring of evasion (left hand)
 i - a +4 ring of protection (right hand)
 l - an uncursed ring of ice
 p - an amulet of the acrobat (around neck)
Wands
 s - a wand of paralysis (9)
Scrolls
 h - a scroll of identify
 m - a scroll of teleportation {unknown}
 t - a scroll of fear {unknown}
Potions
 d - a potion of might
 k - 2 potions of heal wounds {unknown}
 n - a potion of ambrosia {unknown}
 o - a potion of curing {unknown}


   Skills:
 + Level 3.7 Fighting
 + Level 2.8 Long Blades
 + Level 0.2 Maces & Flails
 + Level 4.0 Armour
 + Level 1.0 Dodging
 + Level 4.7 Shields


You had 4 spell levels left.
You didn't know any spells.
Your spell library was empty.

Dungeon Overview and Level Annotations

Branches:
Dungeon (3/15)

Altars:
Elyvilon
Makhleb
Okawaru
Qazlal
Wu Jian
Xom
The Shining One


Innate Abilities, Weirdness & Mutations

You cannot be hasted, slowed, berserked, paralysed or teleported.
You can dig through walls and to a lower floor.
Your four strong arms can wield two-handed weapons with a shield.
You have a pair of large antennae on your head. (SInv)


Message History

The orc priest calls down the wrath of Beogh upon you.
Beogh smites you! The orc barely misses you. You block the orc's attack.
Unknown command.
You are too injured to fight recklessly!
Unknown command.
Unknown command.
It was a potion of degeneration.
There was something very wrong with that liquid.
You feel weakened.
You feel dopey.
You feel clumsy. The orc hits you but does no damage.
It was a potion of stabbing.
You feel ready to backstab.
The orc priest calls down the wrath of Beogh upon you.
Beogh smites you!
* * * LOW HITPOINT WARNING * * *
The orc closely misses you.
It was a potion of flight.
You feel very buoyant.
You fly up into the air.
The orc hits you with a +0 dagger.
You die...

#..........# #.$.....
##......... .# #.#.....
........... # .##
##.#.....
###.#.#########.# ..
......... #.............#
.. .#..... ##.###........#
.# ## #..... #.#
#.##.##.....#.# ^ #..(.[
#.#
#.##.######o..###.#.#...†.
#.#
#.##.....@ooo..##.#.#.....
#.#
#.##..######........#.....
#.# #.##..#
....##.#.#..... ## #.#
#)##..# #..............
.###.###.###.#
##..##..#.......
..............
..............>#
>.............
..........#..###
.#...(........
........###.....
.#...........
..#..#..###.####


You could see an orc priest and 3 orcs.

Vanquished Creatures
  4 adders
  A worm (D:2)
  2 dart slugs
  2 leopard geckos
  An orc (D:3)
  A giant cockroach (D:1)
  10 goblins
  8 hobgoblins
  9 jackals (D:3)
  2 quokkas
  A ball python (D:1)
  8 bats
  6 frilled lizards
  4 kobolds
  8 rats
67 creatures vanquished.

Vanquished Creatures (others)
  24 plants (D:1)
24 creatures vanquished.

Grand Total: 91 creatures vanquished

Notes
Turn   | Place    | Note
-------+----------+-------------------------------------------
     0 | D:1      | GoodGuyCap the Formicid Fighter began the quest for the
                  | Orb.
     0 | D:1      | Reached XP level 1. HP: 18/18 MP: 1/1
   321 | D:1      | Reached XP level 2. HP: 22/24 MP: 2/2
   691 | D:1      | Reached XP level 3. HP: 29/29 MP: 3/3
   829 | D:2      | Found a glowing golden altar of the Shining One.
   894 | D:2      | Found a shimmering altar of Xom.
   897 | D:2      | Found a burning altar of Makhleb.
   898 | D:2      | Found a white marble altar of Elyvilon.
   899 | D:2      | Found a stormy altar of Qazlal.
   899 | D:2      | Found an ornate altar of the Wu Jian Council.
   900 | D:2      | Found an iron altar of Okawaru.
   920 | D:2      | Reached XP level 4. HP: 13/36 MP: 4/4
  1707 | D:3      | Reached skill level 1 in Dodging
  1707 | D:3      | Reached XP level 5. HP: 28/42 MP: 5/5
  1960 | D:3      | Found a faded altar of an unknown god.
  1987 | D:3      | HP: 1/42 [orc priest/divine providence (13)]
  1988 | D:3      | Slain by an orc

Illustrated notes

Levels and vault maps discovered:
D:1:      roderic_crop_circles_arrival_small, layout_rooms, chequers_mini_garden
D:2:      layout_rooms, grunt_temple_overflow_open, minmay_small_reverse_x
D:3:      layout_basic, chequers_ecumenical_altar_simple

Skill      XL: |  1  2  3  4 |
---------------+-------------+-----
Shields        | 4 |  4.7
Armour         | 4 |  4.0
Dodging        | 1 |  1.0
Fighting       | |  3.7
Long Blades    | |  2.8
Maces & Flails | |  0.2

Action                   |  1- 3 |  4- 6 || total
-------------------------+-------+-------++-------
Melee: Long sword        |   112 |    47 ||   159
       Flail             |       |    62 ||    62
  Use: Scroll            |       |     4 ||     4
       Potion            |       |     3 ||     3
Armor: Scale mail        |    49 |    76 ||   125
Dodge: Dodged            |    70 |   124 ||   194
Block: Kite shield       |    88 |   122 ||   210
       Rpst.: Long sword |    17 |    18 ||    35

Table legend: (Time is in decaauts)
 A = Elapsed time spent in this place.
 B = Non-inter-level travel time spent in this place.
 C = Inter-level travel time spent in this place.
 D = Time resting spent in this place.
 E = Time spent auto-exploring this place.
 F = Levels seen in this place.
 G = Mean time per level.
                   A        B        C        D        E       F      G
               +--------+--------+--------+--------+--------+-----+--------+
         Total |   2068 |   2037 |     31 |      0 |   1111 |   3 |  689.3 |
       Dungeon |   2068 |   2037 |     31 |      0 |   1111 |   3 |  689.3 |
               +--------+--------+--------+--------+--------+-----+--------+

Top non-repeatable levels by time:
     D:1: 800 daAuts
     D:2: 699 daAuts
     D:3: 569 daAuts
